Map: Port Aleksander LE

Players

Mesrob - Winner!

  • Race: Terran Terran
  • League: Gold
  • Spawn Location: 11:00

zopilotech

  • Race: Zerg Zerg
  • League: Gold
  • Spawn Location: 5:00

VOD

Have the link to the VOD?

Description

Time

  • Played on: Jan. 11, 2019, 7:52 a.m.
  • Length: 14:47
Show
View Real Time Build Order
Export as new Build Order

Mesrob Terran - Winner!

Build Orders:  

Get SALT Encoding   

  12  0:00  SCV  
  13  0:12  SCV  
  14  0:18  Supply Depot  
  14  0:25  SCV  
  15  0:40  SCV  
  15  0:41  Barracks  
  16  0:52  SCV  
  16  0:53  Refinery  
  17  1:04  SCV  
  18  1:16  SCV  
  19  1:32  Orbital Command  
  19  1:33  Marine  
  20  1:47  Barracks  
  20  1:55  Marine  
  21  2:08  Command Center  
  21  2:25  SCV  
  22  2:36  Factory  
  22  2:37  SCV  
  22  2:39  Barracks Tech Lab  
  23  3:03  Supply Depot  
  23  3:10  Bunker  
  23  3:18  SCV  
  23  3:27  Engineering Bay  
  23  4:01  Supply Depot  
  23  4:05  SCV  
  23  4:06  Refinery  
  23  4:08  Orbital Command  
  24  4:17  SCV  
  25  4:27  Marine  
  26  4:31  Siege Tank  
  26  4:36  Command Center  
  29  4:41  Supply Depot  
  29  4:43  SCV  
  30  4:46  SCV  
  30  4:49  Marine  
  32  4:55  SCV  
  33  5:03  Siege Tank  
  33  5:06  SCV  
  37  5:07  Factory  
  37  5:08  SCV  
  38  5:15  Refinery  
  38  5:25  Missile Turret  
  38  5:35  Siege Tank  
  41  5:46  Missile Turret  
  41  5:52  Orbital Command  
  41  5:58  Factory Tech Lab  
  41  5:59  Armory  
  41  6:07  Siege Tank  
  41  6:10  Missile Turret  
  44  6:17  SCV  
  44  6:18  SCV  
  46  6:20  SCV  
  47  6:29  SCV  
  47  6:30  SCV  
  47  6:32  Missile Turret  
  39  7:19  Orbital Command  
  26  7:50  Orbital Command  
  25  7:52  SCV  
  25  7:53  SCV  
  25  7:57  Hellbat x2  
  32  8:04  SCV  
  32  8:05  SCV  
  33  8:16  SCV  
  33  8:17  SCV  
  33  8:18  Hellbat  
  37  8:28  Thor  
  37  8:29  SCV x2  
  45  8:41  SCV x2  
  46  8:44  Orbital Command  
  47  8:53  SCV x2  
  48  9:05  SCV  
  49  9:16  Missile Turret  
  49  9:18  Thor x2  
  61  9:33  Refinery  
  61  9:36  Factory  
  61  9:57  SCV  
  62  10:09  SCV  
  63  10:14  Marine  
  64  10:21  SCV  
  64  10:32  Marine  
  64  10:33  SCV  
  66  10:39  SCV x2  
  66  10:42  Factory Reactor  
  68  10:45  SCV  
  68  10:48  Supply Depot  
  69  10:51  SCV  
  69  10:52  SCV  
  71  10:57  SCV  
  71  11:03  SCV  
  71  11:04  SCV  
  74  11:09  SCV  
  75  11:11  Supply Depot  
  47  12:03  Thor x2  
  47  12:04  Hellbat x2  
  63  12:09  Marine  
  61  12:26  Hellbat x2  
  61  12:27  Marine  
  63  12:41  SCV x3  
  63  12:45  Marine  
  63  12:46  Hellbat, Thor  
  63  12:47  Hellbat  
  63  12:48  Refinery  
  71  12:52  Hellbat  
  71  12:53  SCV  
  71  12:54  SCV x2  
  76  13:03  Marine, Supply Depot  
  76  13:05  Factory, SCV  
  78  13:06  SCV x2  
  78  13:07  Thor  
  78  13:08  Hellbat  
  78  13:12  Refinery  
  88  13:13  Hellbat  
  88  13:17  SCV  
  88  13:18  SCV x2  
  93  13:24  Marine  
  93  13:26  Supply Depot  
  94  13:29  Hellbat, SCV  
  94  13:30  Hellbat, SCV x2  
  101  13:35  Hellbat  
  103  13:49  Supply Depot  
  103  13:50  Hellbat, Missile Turret  
  103  13:51  Hellbat x2  
  109  13:56  Marine, Hellbat  
  112  14:06  Factory Reactor  
  112  14:11  Factory  
  112  14:12  Hellbat x2  
  112  14:13  Hellbat, Marine  
  119  14:18  Hellbat  
Show
View Real Time Build Order
Export as new Build Order

zopilotech Zerg 

Build Orders: Pool First 

Get SALT Encoding   

  12  0:11  Overlord  
  12  0:16  Drone  
  12  0:19  Drone  
  14  0:30  Drone  
  14  0:35  Drone  
  16  0:58  Drone  
  17  1:12  Spawning Pool  
  17  1:15  Drone  
  17  1:19  Drone  
  17  1:23  Extractor  
  17  1:28  Hatchery  
  17  1:30  Drone  
  17  1:34  Drone  
  18  1:40  Drone  
  19  1:50  Drone  
  20  2:24  Queen  
  20  2:29  Overlord  
  22  2:35  Overlord  
  22  2:41  Metabolic Boost  
  22  2:49  Baneling Nest  
  22  2:50  Zergling x4  
  23  2:53  Zergling x2  
  24  3:21  Hatchery  
  24  3:23  Lair  
  23  3:28  Overlord  
  23  3:38  Zergling x8  
  23  3:39  Zergling x2  
  28  3:49  Drone  
  29  3:58  Drone  
  29  3:59  Extractor  
  29  4:13  Drone  
  30  4:20  Zergling x2  
  31  4:34  Nydus Network  
  31  4:37  Drone  
  32  4:38  Drone  
  32  4:43  Queen  
  34  4:52  Drone  
  35  4:53  Zergling x2  
  35  4:54  Zergling x2  
  37  5:01  Drone  
  37  5:03  Centrifical Hooks  
  38  5:08  Zergling x2  
  38  5:09  Zergling x2  
  40  5:20  Zergling x4  
  42  5:31  Zergling x2  
  42  5:32  Zergling x2, Spine Crawler  
  43  5:36  Queen  
  43  5:38  Overlord  
  43  5:39  Drone x3  
  48  5:48  Drone  
  49  6:03  Drone  
  49  6:04  Drone  
  51  6:06  Drone x2  
  51  6:08  Baneling x2  
  51  6:09  Baneling x6  
  51  6:10  Baneling x3  
  51  6:11  Baneling x2  
  53  6:12  Drone x4  
  53  6:13  Drone  
  58  6:22  Overlord  
  58  6:37  Nydus Canal  
  58  6:49  Spore Crawler  
  57  7:00  Spore Crawler  
  39  7:52  Zergling x16  
  39  7:53  Zergling x12  
  53  8:20  Drone x4  
  57  8:29  Spore Crawler  
  56  8:35  Extractor  
  56  8:38  Overlord  
  55  8:46  Extractor, Drone x4  
  55  8:47  Drone x2  
  60  9:00  Overseer  
  60  9:02  Hatchery  
  59  9:11  Queen  
  61  9:23  Hydralisk Den  
  60  9:36  Evolution Chamber  
  60  9:37  Evolution Chamber  
  58  9:40  Overlord x2  
  58  9:47  Queen  
  60  10:07  Zerg Missile Weapons Level 1  
  60  10:17  Muscular Augments  
  60  10:23  Queen, Spire  
  61  10:29  Baneling  
  61  10:30  Spore Crawler, Baneling x4  
  60  10:37  Pneumatized Carapace  
  60  10:41  Drone  
  60  10:42  Drone x12  
  73  10:59  Burrow  
  66  11:14  Zergling x2  
  66  11:15  Zergling x12, Spine Crawler  
  66  11:17  Spine Crawler  
  71  11:19  Spine Crawler  
  71  11:21  Baneling  
  71  11:22  Baneling x7  
  71  11:23  Baneling x2  
  71  11:24  Zergling x6  
  73  11:28  Grooved Spines  
  50  11:49  Zergling x4  
  50  11:50  Zergling x6  
  51  11:56  Zergling x2  
  51  12:00  Zergling x6  
  51  12:19  Zergling x8  
  52  12:32  Zergling x8  
  52  12:56  Overseer  
  52  13:06  Queen  
  52  13:09  Overlord  
  52  13:12  Hatchery  
  53  13:17  Evolution Chamber  
  52  13:23  Evolution Chamber  
  52  13:26  Evolution Chamber  
  50  13:42  Queen  
  52  13:56  Zergling x6  
  52  13:57  Zergling x12  
  52  13:58  Zergling x2  
  62  14:11  Lurker Den  
  62  14:16  Baneling x3  
  62  14:17  Baneling  
  61  14:19  Zergling x8  
  61  14:23  Spine Crawler  
Tags
 
League
GoldGold
Matchup
TvZ
Opening
Pool First
Replay Pack
sc2 replays
Spawn Locations
Cross Positions
Add a new tag
Caveats
  • Supply blocks, unpowered buildings, or Contaminate may cause inaccurate times.
  • Supply counts are checked every 10 seconds.